 Dungeon Crawl Stone Soup version 0.22-a0-456-g11ed031 (webtiles) character file.

132 Kikal the Firebug (level 5, 0/28 HPs)
             Began as a Tengu Fire Elementalist on June 5, 2018.
             Slain by Prince Ribbit (5 damage)
             ... on level 4 of the Dungeon on June 6, 2018.
             The game lasted 00:13:44 (3889 turns).

Kikal the Firebug (Tengu Fire Elementalist)         Turns: 3889, Time: 00:13:45

Health: 0/28       AC:  3    Str:  8    XL:     5   Next: 15%
Magic:  3/10       EV: 15    Int: 16    God:
Gold:   138        SH:  0    Dex: 15    Spells: 4/10 levels left

rFire    . . .     SeeInvis +   w - +12 spear of Tietots {pierce, -Tele rC+ rN+}
rCold    + . .     Gourm    .   (no shield)
rNeg     + . .     Faith    .   a - +0 robe
rPois    .         Spirit   .   (helmet restricted)
rElec    .         Reflect  .   r - +0 cloak
rCorr    .         Harm     .   (no gloves)
MR       .....     NoTele   +   (boots unavailable)
Stlth    ++........             q - amulet of regeneration
HPRegen  0.49/turn              m - ring of see invisible
MPRegen  0.12/turn              (no ring)

@: flying quickly and evasively, very slightly contaminated, quick
A: beak, talons 3, able to fly 1
a: no special abilities


You were on level 4 of the Dungeon.
You were hungry.

You visited 2 branches of the dungeon, and saw 6 of its levels.

You collected 138 gold pieces.

Inventory:

Hand Weapons
 s - a +0 war axe
 w - the +12 spear of Tietots (weapon) {pierce, -Tele rC+ rN+}
   (You found it on level 4 of the Dungeon)

   It inflicts extra damage upon your enemies.
   It protects you from cold.
   It protects you from negative energy.
   It prevents most forms of teleportation.
Missiles
 d - 155 stones (quivered)
Armour
 a - a +0 robe (worn)
 r - a +0 cloak (worn)
Jewellery
 m - a ring of see invisible (left hand)
 q - an amulet of regeneration (around neck)
Wands
 n - a wand of polymorph (16)
Scrolls
 b - a scroll of random uselessness {unknown}
 e - a scroll of teleportation
 g - 2 scrolls of amnesia {unknown}
 h - a scroll of immolation {unknown}
 i - a scroll of remove curse
 k - 3 scrolls of identify {unknown}
 l - a scroll of blinking {unknown}
 p - 2 scrolls of fog {unknown}
 t - a scroll of magic mapping {unknown}
 v - a scroll of enchant weapon {unknown}
Potions
 f - 4 potions of curing {unknown}
 j - a potion of heal wounds {unknown}
 u - a potion of agility {unknown}
Comestibles
 c - 3 rations


   Skills:
 - Level 2.1 Dodging
 - Level 2.0 Stealth
 - Level 3.0 Spellcasting
 - Level 3.5 Conjurations
 + Level 4.8 Fire Magic


You had 4 spell levels left.
You knew the following spells:

 Your Spells              Type           Power        Failure   Level  Hunger
a - Flame Tongue          Conj/Fire      ###..        3%          1    #......
b - Throw Flame           Conj/Fire      ###...       5%          2    ##.....
c - Conjure Flame         Conj/Fire      ###.....     11%         3    ###....

Your spell library contained the following spells:

 Spells                   Type           Power        Failure   Level  Hunger
 Fireball                 Conj/Fire      ###.......   67%         5    ######.
 Sticky Flame             Conj/Fire      ###.....     34%         4    #####..
 Inner Flame              Hex/Fire       ##......     22%         3    ###....


Dungeon Overview and Level Annotations

Branches:
Dungeon (5/15)             Temple (1/1) D:4

Altars:
Ashenzari
Cheibriados
Elyvilon
Fedhas
Gozag
Hepliaklqana
Kikubaaqudgha
Makhleb
Nemelex Xobeh
Qazlal
Ru
Xom
Yredelemnul
Zin
The Shining One

Annotations:
D:4 Prince Ribbit


Innate Abilities, Weirdness & Mutations

You have a beak for a mouth.
You have claws for feet.
You can fly.


Message History

You are too injured to fight recklessly!
You are too injured to fight recklessly!
You are too injured to fight recklessly!
Aim: Prince Ribbit (heavily wounded)
The flame tongue hits Prince Ribbit.
Prince Ribbit completely misses you.
You now have 5/10 mp.
Aim: Prince Ribbit (severely wounded)
The flame tongue hits Prince Ribbit.
Prince Ribbit hits you. x2
* * * LOW HITPOINT WARNING * * *
You take 5 damage, and have 6/28 hp.
You now have 4/10 mp.
Aim: Prince Ribbit (almost dead)
You miscast Flame Tongue.
You are very lightly contaminated with residual magic.
Lukewarm flames ripple over your body. Prince Ribbit closely misses you.
You now have 3/10 mp.
Aim: Prince Ribbit (almost dead)
The flame tongue misses Prince Ribbit.
Prince Ribbit hits you.
* * * LOW HITPOINT WARNING * * *
Prince Ribbit hits you.
You die...

#.# #.....#######
#.## ##.....#
##.###...[..#
##....###### #
##.#.# #######
#.#.########
#..รท...
#.#.....>..# #.#####
#.#.F#####.###.## #
#..@..####.##...####
#.....#(......#.....
#...................
#.....#.##.###......
#<.........#........
###.###.####.#####..
#.###.####.## #..
#...........# #..
#.########..####..


You could see Prince Ribbit.

Vanquished Creatures
  A worker ant (D:4)
  3 adders
  An adder skeleton (D:4)
  A worm (D:4)
  2 dart slugs (D:1)
  2 leopard geckos
  8 orcs
  8 bats
  3 giant cockroaches (D:1)
  3 goblins (D:2)
  10 hobgoblins
  6 kobolds
  2 quokkas (D:3)
  3 frilled lizards
  A leopard gecko skeleton (D:4)
  6 rats
60 creatures vanquished.

Notes
Turn   | Place    | Note
-------+----------+-------------------------------------------
     0 | D:1      | Kikal the Tengu Fire Elementalist began the quest for the Orb.
     0 | D:1      | Reached XP level 1. HP: 10/10 MP: 4/4
   255 | D:1      | Reached XP level 2. HP: 15/15 MP: 4/6
   263 | D:1      | Learned a level 2 spell: Throw Flame
   281 | D:1      | Reached skill level 2 in Conjurations
   755 | D:1      | Reached XP level 3. HP: 8/19 MP: 5/7
   760 | D:1      | Learned a level 3 spell: Conjure Flame
  1240 | D:1      | Upgraded the game from 0.22-a0-455-ga0624bf to 0.22-a0-456-g11ed031
  1441 | D:2      | Found a faded altar of an unknown god.
  1733 | D:2      | Reached skill level 3 in Conjurations
  1733 | D:2      | Reached skill level 4 in Fire Magic
  1733 | D:2      | Reached XP level 4. HP: 24/24 MP: 6/9
  1779 | D:2      | Found an opulent altar of Gozag.
  2471 | D:3      | Found a blossoming altar of Fedhas.
  2642 | D:3      | Found an ancient bone altar of Kikubaaqudgha.
  2891 | D:4      | Reached skill level 3 in Spellcasting
  2968 | D:4      | Found a staircase to the Ecumenical Temple.
  2976 | Temple   | Entered the Ecumenical Temple
  3576 | D:4      | Gained mutation: You can fly. [Tengu growth]
  3576 | D:4      | Reached XP level 5. HP: 28/28 MP: 0/10
  3724 | D:4      | Got a brightly glowing spear
  3725 | D:4      | Identified the +12 spear of Tietots {pierce, -Tele rC+ rN+} (You found it on level 4 of the Dungeon)
  3873 | D:5      | Entered Level 5 of the Dungeon
  3873 | D:5      | Noticed Prince Ribbit
  3889 | D:4      | Slain by Prince Ribbit

Vault maps used:
D:1:      dpeg_arrival_boxorama
D:2:      old_standard_altar, chequers_ecumenical_altar_island,
          kennysheep_cluttered_room
D:3:      fedhas_altar_2, lemuel_round_altar
D:4:      temple_statues
D:5:      first_ration, solitary_fountain, uniq_prince_ribbit1, uniq_eustachio
Temple:   minmay_temple_bridge_abc

Skill      XL: |  1  2  3  4 |
---------------+-------------+-----
Conjurations   | 2 3 |  3.5
Fire Magic     | 4 |  4.8
Spellcasting   | 3 |  3.0
Dodging        | |  2.1
Stealth        | |  2.0

Action                   |  1- 3 |  4- 6 || total
-------------------------+-------+-------++-------
Melee: Hand axe          |    10 |     3 ||    13
       War axe           |       |     4 ||     4
       Peck              |       |     2 ||     2
       Kick              |       |     2 ||     2
       Spear             |       |     3 ||     3
 Cast: Flame Tongue      |    44 |    51 ||    95
       Throw Flame       |     3 |     2 ||     5
       Conjure Flame     |       |     2 ||     2
 Abil: Fly               |       |     2 ||     2
  Use: Scroll            |       |     2 ||     2
 Stab: Sleeping          |     1 |       ||     1
  Eat: Chunk             |     3 |     7 ||    10
Armor: Robe              |    12 |     5 ||    17
Dodge: Dodged            |    36 |    18 ||    54

Table legend:
 A = Spawn XP
 B = Non-spawn XP
 C = Spawn XP percentage of total XP
 D = Spawn monster count
 E = Non-spawn monster count
 F = Spawn count percentage of total count
 G = Total turns spent on level
                    A         B        C        D         E        F      G
               +---------+---------+-------+---------+---------+-------+---------
         Total |       0 |     189 |   0.0 |       0 |      60 |   0.0 |  3889
               +---------+---------+-------+---------+---------+-------+---------
           D:1 |       0 |      45 |   0.0 |       0 |      23 |   0.0 |  1241
           D:2 |       0 |      49 |   0.0 |       0 |      15 |   0.0 |   867
           D:3 |       0 |      32 |   0.0 |       0 |      15 |   0.0 |   696
           D:4 |       0 |      63 |   0.0 |       0 |       7 |   0.0 |   874
               +---------+---------+-------+---------+---------+-------+---------
